 Dungeon Crawl Stone Soup version 0.29.1-2-gbd0b4ee654 (webtiles) character file.

Game seed: 9847480148891902201

37 styxcanada the Sneak (level 3, 0/18 HPs)
             Began as a Spriggan Brigand on Nov 15, 2022.
             Frozen to death by an endoplasm (2 damage)
             ... on level 2 of the Dungeon.
             The game lasted 00:03:17 (1119 turns).

styxcanada the Sneak (Spriggan Brigand)             Turns: 1119, Time: 00:03:19

Health: 0/18       AC:  3    Str:  7    XL:     3   Next: 23%
Magic:  4/4        EV: 17    Int: 12    God:
Gold:   75         SH:  0    Dex: 18    Spells: 2/2 levels left

rFire   . . .      SeeInvis +   a - +2 dagger
rCold   . . .      Faith    .   (no shield)
rNeg    . . .      Spirit   .   b - +0 robe
rPois   .          Reflect  .   (helmet restricted)
rElec   .          Harm     .   c - +0 cloak
rCorr   +          Rampage  .   (gloves unavailable)
Will    .....                   (boots unavailable)
Stlth   ++++......              h - amulet of the acrobat
HPRegen 0.06/turn               f - ring of resist corrosion
MPRegen 0.09/turn               (no ring)

@: very quick
A: very small, no large weapons, unfitting armour, see invisible, speed 3
a: no special abilities


You were on level 2 of the Dungeon.
You visited 1 branch of the dungeon, and saw 2 of its levels.

You collected 75 gold pieces.

Inventory:

Hand Weapons
 a - a +2 dagger (weapon)
 i - a +0 sling
Missiles
 d - 6 poisoned darts (quivered)
 e - 3 curare-tipped darts
 j - 10 stones
Armour
 b - a +0 robe (worn)
 c - a +0 cloak (worn)
Jewellery
 f - a ring of resist corrosion (left hand)
 h - an amulet of the acrobat (around neck)
Scrolls
 g - a scroll of amnesia {unknown}
 k - a scroll of enchant armour {unknown}
Potions
 l - a potion of cancellation {unknown}
 m - a potion of lignification {unknown}


   Skills:
 * Level 1.7 Fighting
 + Level 2.3 Short Blades
 + Level 2.0 Throwing
 * Level 1.7 Dodging
 * Level 7.2 Stealth


You had 2 spell levels left.
You didn't know any spells.
Your spell library contained the following spells:

 Spells                   Type           Power      Damage    Failure   Level
 Confusing Touch          Hex            0%         N/A       69%         3
 Yara's Violent Unravell  Hex/Tmut       0%         3d3       100%        5
 Enfeeble                 Hex            0%         N/A       100%        7


Dungeon Overview and Level Annotations

Branches:
Dungeon (2/15)

Altars:


Innate Abilities, Weirdness & Mutations

You are very small and have problems with some larger weapons.
You are too small for most types of armour.
You have supernaturally acute eyesight. (SInv)
You cover ground extremely quickly. (Speed+++)


Message History

The adder completely misses you.
You closely miss the adder.
The adder is heavily wounded.
The adder barely misses you.
You completely miss the adder.
The adder is heavily wounded.
The adder bites you but does no damage.
You closely miss the adder.
The adder is heavily wounded.
The adder bites you.
You are poisoned.
The adder poisons you!
You completely miss the adder.
The adder is heavily wounded.
You feel sick. The adder closely misses you.
You miss the adder.
The adder is heavily wounded.
You feel sick. The adder misses you. The adder barely misses you.
You hit the adder.
The adder is severely wounded.
You feel sick. The adder misses you.
You hit the adder.
You kill the adder!
You feel sick.
You hit the endoplasm.
The endoplasm is heavily wounded.
You feel sick. The endoplasm completely misses you.
You hit the endoplasm.
The endoplasm is almost dead.
You feel sick. The endoplasm freezes you.
You are frozen.
* * * LOW HITPOINT WARNING * * *
You barely miss the endoplasm.
The endoplasm is almost dead.
You feel sick.
You are no longer poisoned.
The endoplasm freezes you.
You are frozen.
You die...

#..<.....<..#
#....w8.....#####
#...........#.?..
##g.8...8..##...
##..g....###.##
###..........
#.#####.#.#
####†....(w#.#
...........(gJ@#
###....#.#######
.........#
.##....#.#
.........
.$.......#
.......#.# ###
.##


You could see a worm, an endoplasm and a goblin.

Vanquished Creatures
  An adder (D:2)
  A dart slug (D:1)
  2 endoplasms (D:1)
  6 goblins (D:1)
  2 hobgoblins (D:1)
  5 kobolds (D:1)
  A quokka (D:1)
  A ball python (D:1)
  A bat (D:1)
  3 frilled lizards (D:1)
  2 rats
25 creatures vanquished.

Notes
Turn   | Place    | Note
-------+----------+-------------------------------------------
     0 | D:1      | styxcanada the Spriggan Brigand began the quest for the
                  | Orb.
     0 | D:1      | Reached XP level 1. HP: 10/10 MP: 2/2
    13 | D:1      | Reached skill level 6 in Stealth
   214 | D:1      | Reached XP level 2. HP: 12/14 MP: 3/3
   539 | D:1      | Reached skill level 7 in Stealth
  1096 | D:2      | Reached XP level 3. HP: 14/18 MP: 4/4
  1119 | D:2      | Frozen to death by an endoplasm

Illustrated notes

Levels and vault maps discovered:
D:1:      grunt_arrival_lava_bath, layout_loops_cross, kennysheep_crisscross
D:2:      layout_basic, serial_shops, nicolae_diamond_shop, grunt_ministairs_10

Skill      XL: |  1  2 |
---------------+-------+-----
Stealth        | 6 7 |  7.2
Fighting       | |  1.7
Short Blades   | |  2.3
Throwing       | |  2.0
Dodging        | |  1.7

Action                   || total
-------------------------++-------
Melee: Dagger            ||    79
       Punch             ||     1
Throw: Dart              ||     7
 Stab: Sleeping          ||     8
       Distracted        ||     1
Armor: Robe              ||     7
Dodge: Dodged            ||    46
